 Dungeon Crawl Stone Soup version 0.16.2-12-gd0ad4c3 (webtiles) character file.

1880 musteatbrain the Cleaver (level 8, 0/66 HPs)
             Began as a Minotaur Fighter on Sept 28, 2015.
             Slain by a wight
             ... wielding a +2 hand axe of freezing
              (4 damage)
             ... on level 6 of the Dungeon.
             The game lasted 00:11:51 (4749 turns).

musteatbrain the Cleaver (Minotaur Fighter)         Turns: 4749, Time: 00:11:51

Health: 0/66       AC:  8    Str: 27      XL:     8   Next: 91%
Magic:  3/3        EV:  8    Int:  7      God:
Gold:   230        SH:  9    Dex:  9 (11) Spells: 0 memorised, 7 levels left

rFire  . . .     SeeInvis .     a - +1 war axe
rCold  . . .     Clarity  .     b - +0 scale mail
rNeg   . . .     SustAb   .     c - +0 shield
rPois  .         Gourm    +     (helmet restricted)
rElec  .         Spirit   .     D - +0 cloak
rCorr  .         Warding  .     (no gloves)
rMut   .         Stasis   .     (no boots)
MR     .....                    p - amulet of the gourmand (curse)
Stlth  ..........               (no ring)
                                (no ring)

@: mighty, drained, not resistant to hostile enchantments, extremely unstealthy
A: retaliatory headbutt, horns 2, clever 1, frail 1, wild magic 1
a: no special abilities


You were on level 6 of the Dungeon.
You were hungry.

You visited 1 branch of the dungeon, and saw 6 of its levels.
You also visited: Ossuary.

You collected 230 gold pieces.

Inventory:

Hand weapons
 a - a +1 war axe (weapon)
Armour
 b - a +0 scale mail (worn)
 c - a +0 shield (worn)
 D - a +0 cloak (worn)
Jewellery
 i - an uncursed amulet of clarity
 p - a cursed amulet of the gourmand (around neck)
Magical devices
 l - a wand of flame (18)
 q - a wand of cold (2)
 E - a wand of slowing (32)
 G - a wand of cold (8)
Scrolls
 g - a scroll of immolation {unknown}
 h - a scroll of enchant weapon
 j - 2 scrolls of teleportation
 n - 2 scrolls of fear
 o - a scroll of identify
 t - 2 scrolls of fog {unknown}
 u - a scroll of magic mapping {unknown}
 x - 3 scrolls of holy word {unknown}
 y - a scroll of random uselessness {unknown}
 B - 3 scrolls of blinking {unknown}
 C - a scroll of remove curse
Potions
 e - 2 potions of might
 f - 3 potions of restore abilities
 k - a potion of poison
 m - a potion of flight
 s - 2 potions of brilliance
 z - a potion of haste
 F - a potion of heal wounds
Comestibles
 r - a royal jelly
 v - 6 meat rations
 w - 2 bread rations


   Skills:
 + Level 8.0(7.1) Fighting
 * Level 10.0(9.1) Axes
 + Level 5.9(5.1) Armour
 + Level 4.0(3.3) Dodging
 - Level 3.6(2.8) Shields


You had 7 spell levels left.
You didn't know any spells.

Dungeon Overview and Level Annotations

Branches:
Dungeon (6/15)
 Temple: D:4-7

Altars:
Dithmenos
The Shining One

Shops:
D:6 *


Innate Abilities, Weirdness & Mutations

You reflexively headbutt those who attack you in melee.
You have a pair of horns on your head.
Your mind is acute. (Int +2)
You are frail (-10% HP).
Your spells are a little harder to cast, but a little more powerful.


Message History

You closely miss the wight.
The wight is moderately damaged.
You slash the wight!
The wight is heavily damaged.
You block the wight's attack.
The wight hits you with a hand axe of freezing.
The wight freezes you.
The wight hits you from afar with a halberd!
The wight hits you with a hand axe of freezing!
* * * LOW HITPOINT WARNING * * *
You feel drained.
* * * LOW HITPOINT WARNING * * *
The wight freezes you.
* * * LOW HITPOINT WARNING * * *
Drink which item? (? for menu, Esc to quit)
You feel very mighty all of a sudden.
The wight hits you from afar with a halberd.
* * * LOW HITPOINT WARNING * * *
The wight hits you with a hand axe of freezing.
You die...

########## ###
#........# ..#
#........# ..#
#........###
..###
#.......)@.#
....#
###...####zz...#
.##.######.###
.......#
..#.....#..#
##.....## . .
..........##
###.### .. .
..........## .#
#.##.
...........###
.# #.#..
.....∩.......#
.# #.#.#
....).....##..#
#.#.###


You could see 2 wights.

Vanquished Creatures
  Grinder (D:5)
  Eustachio (D:6)
  A black bear (D:6)
  An ice beast (D:6)
  2 ogres
  A centaur (D:6)
  A giant frog (D:6)
  A gnoll sergeant (D:5)
  2 scorpions
  2 wights (D:6)
  3 quasits (D:6)
  2 crimson imps (D:6)
  4 centaur zombies
  An iron imp (D:6)
  3 hounds (D:4)
  2 orc wizards
  2 iguanas (D:5)
  4 worker ants
  5 big kobold zombies (Ossuary)
  4 mummies (Ossuary)
  5 gnolls (D:5)
  2 river rats (D:6)
  7 adders
  A shadow imp (D:6)
  2 giant mites
  2 worms
  An ufetubus (D:6)
  An adder zombie (D:3)
  2 giant geckos (D:1)
  2 oozes (D:4)
  13 orcs
  6 bats
  3 giant cockroaches
  6 goblins
  10 hobgoblins
  2 jackals (D:2)
  9 kobolds
  5 quokkas
  5 giant newts
  2 hobgoblin zombies (Ossuary)
  9 rats
138 creatures vanquished.

Notes
Turn   | Place    | Note
--------------------------------------------------------------
     0 | D:1      | musteatbrain, the Minotaur Fighter, began the quest for the Orb.
     0 | D:1      | Reached XP level 1. HP: 19/19 MP: 1/1
   198 | D:1      | Reached XP level 2. HP: 27/27 MP: 1/1
   619 | D:1      | Found a glowing golden altar of the Shining One.
   799 | D:2      | Reached skill level 4 in Fighting
   821 | D:2      | Reached XP level 3. HP: 24/33 MP: 2/2
  1622 | D:3      | Reached XP level 4. HP: 37/41 MP: 2/2
  1902 | D:3      | Reached skill level 5 in Axes
  2078 | D:4      | Reached XP level 5. HP: 42/47 MP: 2/2
  2091 | D:4      | Reached skill level 5 in Fighting
  2220 | D:4      | You fall through a shaft for 2 floors!
  2242 | D:6      | Reached skill level 6 in Axes
  2242 | D:6      | Reached XP level 6. HP: 17/56 MP: 3/3
  2427 | D:6      | Reached skill level 7 in Axes
  2442 | D:5      | Entered Level 5 of the Dungeon
  2489 | D:4      | Noticed an ogre
  2494 | D:4      | Killed an ogre
  2519 | D:4      | Reached XP level 7. HP: 44/63 MP: 3/3
  2642 | D:4      | Found a sand-covered staircase.
  2646 | Ossuary  | Entered an ossuary
  2812 | Ossuary  | Reached skill level 8 in Axes
  2855 | Ossuary  | Reached skill level 1 in Dodging
  3859 | D:5      | Reached XP level 8. HP: 64/73 MP: 3/3
  3895 | D:5      | Reached skill level 9 in Axes
  3895 | D:5      | Reached skill level 5 in Armour
  4210 | D:5      | Noticed Grinder
  4223 | D:5      | Killed Grinder
  4311 | D:6      | Noticed a centaur
  4322 | D:6      | Killed a centaur
  4383 | D:6      | Found a shadowy altar of Dithmenos.
  4420 | D:6      | Noticed an ice beast
  4427 | D:6      | Killed an ice beast
  4432 | D:6      | Found Miani's Assorted Antiques.
  4434 | D:6      | Noticed Eustachio
  4487 | D:6      | Killed Eustachio
  4487 | D:6      | Reached skill level 10 in Axes
  4688 | D:6      | Gained mutation: You are frail (-10% HP). [potion of mutation]
  4688 | D:6      | Gained mutation: Your spells are a little harder to cast, but a little more powerful. [potion of mutation]
  4688 | D:6      | Gained mutation: Your mind is acute. (Int +2) [potion of mutation]
  4749 | D:6      | Slain by a wight

Action                   |  1- 3 |  4- 6 |  7- 9 || total
-------------------------+-------+-------+-------++-------
Melee: War axe           |    81 |    50 |   214 ||   345
  Use: Potion            |       |     1 |     5 ||     6
       Scroll            |       |       |    13 ||    13
  Eat: Bread ration      |     1 |       |       ||     1
       Chunk             |       |       |     6 ||     6
       Pizza             |       |       |     1 ||     1
